 Dungeon Crawl Stone Soup version 0.27.1-4-g1640c2035a (webtiles) character file.

Game seed: 11770949443065921158

10152 pkoi the Blocker (level 11, -6/82 HPs)
             Began as a Minotaur Fighter on Nov 12, 2021.
             Was an Elder of Okawaru.
             Mangled by a basilisk (13 damage)
             ... on level 2 of the Lair of Beasts.
             The game lasted 00:15:18 (15356 turns).

pkoi the Blocker (Minotaur Fighter)                Turns: 15356, Time: 00:15:19

Health: -6/82      AC: 12    Str: 24    XL:     11   Next: 32%
Magic:  13/13      EV: 10    Int: 11    God:    Okawaru [****..]
Gold:   568        SH: 16    Dex: 10    Spells: 10/10 levels left

rFire    . . .     SeeInvis .   a - +1 long sword (flame)
rCold    . . .     Faith    .   c - +1 kite shield
rNeg     . . .     Spirit   .   x - +0 chain mail
rPois    .         Reflect  .   (helmet restricted)
rElec    .         Harm     .   (no cloak)
rCorr    .         Rampage  .   y - +0 pair of gloves
Will     .....                  (no boots)
Stlth    ..........             q - amulet of the acrobat
HPRegen  0.23/turn              e - +6 ring of intelligence
MPRegen  0.13/turn              (no ring)

@: lethally poisoned (-6 -> -7), heroic
A: horns 2, retaliatory headbutt
a: Renounce Religion, Heroism


You were on level 2 of the Lair of Beasts.
You worshipped Okawaru.
Okawaru was greatly pleased with you.
You visited 3 branches of the dungeon, and saw 13 of its levels.

You collected 568 gold pieces.

Inventory:

Hand Weapons
 a - a +1 long sword of flaming (weapon)
Missiles
 j - 7 curare-tipped darts
 m - 44 poisoned darts (quivered)
 v - 2 throwing nets
 E - 8 javelins
Armour
 c - a +1 kite shield (worn)
 x - a +0 chain mail (worn)
 y - a +0 pair of gloves (worn)
Jewellery
 e - a +6 ring of intelligence (left hand)
 q - an amulet of the acrobat (around neck)
 s - an amulet of faith
Wands
 f - a wand of mindburst (29)
 l - a wand of acid (12)
 u - a wand of iceblast (10)
 C - a wand of flame (5)
Scrolls
 b - a scroll of fog
 h - 6 scrolls of blinking
 i - a scroll of enchant weapon
 k - 3 scrolls of identify
 w - a scroll of brand weapon
 A - 3 scrolls of teleportation
Potions
 d - 3 potions of might
 g - a potion of brilliance
 n - 2 potions of mutation
 o - a potion of haste
 p - 4 potions of flight
 r - 3 potions of invisibility
 t - 4 potions of curing
 z - a potion of heal wounds
 B - a potion of berserk rage
 D - 2 potions of magic


   Skills:
 - Level 3.6(8.6) Fighting
 + Level 12.8(17.8) Long Blades
 + Level 7.7(12.7) Throwing
 - Level 3.6(8.6) Armour
 + Level 13.0(18.0) Shields
 + Level 4.9 Invocations


You had 10 spell levels left.
You didn't know any spells.
Your spell library contained the following spells:

 Spells                   Type           Power      Damage    Failure   Level
 Slow                     Hex            0%         N/A       97%         2
 Confusing Touch          Hex            0%         N/A       99%         3
 Gell's Gravitas          Tloc           0%         N/A       99%         3
 Lesser Beckoning         Tloc           0%         N/A       99%         3
 Teleport Other           Tloc           0%         N/A       99%         3
 Airstrike                Air            0%         N/A       100%        4
 Hailstorm                Conj/Ice       0%         3d3       100%        4
 Ice Form                 Ice/Tmut       0%         N/A       100%        4
 Leda's Liquefaction      Hex/Erth       0%         N/A       100%        4
 Summon Lightning Spire   Summ/Air       0%         N/A       100%        4
 Alistair's Intoxication  Tmut/Pois      0%         N/A       100%        5
 Bolt of Magma            Conj/Fire/Erth 0%         4d4       100%        5
 Borgnjor's Vile Clutch   Necr/Erth      0%         N/A       100%        5
 Lightning Bolt           Conj/Air       0%         1d11      100%        5
 Yara's Violent Unravell  Hex/Tmut       0%         3d3       100%        5
 Eringya's Noxious Bog    Tmut/Pois      0%         N/A       100%        6
 Simulacrum               Ice/Necr       0%         N/A       100%        6
 Statue Form              Tmut/Erth      0%         N/A       100%        6


Dungeon Overview and Level Annotations

Branches:
Dungeon (10/15)            Temple (1/1) D:6            Lair (2/6) D:10
  Swamp: Lair:2-4    Shoals: Lair:2-4     Snake: Lair:2-4    Spider: Lair:2-4
    Orc: D:9-12

Altars:
Ashenzari
Cheibriados
Dithmenos
Elyvilon
Fedhas
Gozag
Hepliaklqana
Nemelex Xobeh
Okawaru
Qazlal
Ru
Sif Muna
Trog
Uskayaw
Vehumet
Wu Jian
Xom
Yredelemnul

Shops:
D:1 =   D:4 [

Annotations:
D:6 1 runed translucent door, jjjjhere's ghost, novice GnAr


Innate Abilities, Weirdness & Mutations

You have a pair of horns on your head.
You reflexively headbutt those who attack you in melee.


Message History

The basilisk is heavily wounded.
You feel sick.
You hit the basilisk but do no damage. Your headbutt misses the basilisk.
The basilisk is heavily wounded.
You block the basilisk's attack.
Your chain mail prevents you from hitting the basilisk.
The basilisk is heavily wounded.
You feel sick. The basilisk gazes at you.
You are slowing down.
Unknown command.
You closely miss the basilisk.
The basilisk is heavily wounded.
The basilisk gazes at you.
Your limbs have turned to stone.
You have turned to stone.
The basilisk bites you!
* * * LOW HITPOINT WARNING * * *
The basilisk bites you!
* * * LOW HITPOINT WARNING * * *
The basilisk bites you.
* * * LOW HITPOINT WARNING * * *
The basilisk gazes at you. You resist with some effort.
The basilisk bites you but does no damage.
The basilisk bites you!
* * * LOW HITPOINT WARNING * * *
The basilisk bites you. The basilisk bites you!
* * * LOW HITPOINT WARNING * * *
The basilisk bites you but does no damage.
You turn to flesh and can move again.
Unknown command.
Unknown command.
You closely miss the basilisk.
The basilisk is heavily wounded.
You feel sick.
You slash the basilisk! You burn the basilisk.
The basilisk is almost dead.
The basilisk bites you!
You die...

...... ..... ....
... ..# ## ..#
#.#l### #@.P.##.
#####'.PP#.####
##.............##
#P....^.......#.##
#P.........^..+...
##.............#
##............#
#P.......<÷†..#
#.........÷....#


You could see a basilisk.

Vanquished Creatures
  Snorg (D:10)
  Pikel (D:7)
  A black mamba (Lair:2)
  2 cane toads (Lair:1)
  2 komodo dragons
  A polar bear (Lair:2)
  4 dream sheep
  A wyvern (D:10)
  12 yaks
  A basilisk (Lair:1)
  8 water moccasins
  An acid dragon (D:9)
  An ice beast (D:4)
  A black bear (D:6)
  3 orc warriors
  A sky beast (D:5)
  2 necrophages (D:6)
  2 ogres (D:5)
  4 centaurs
  2 phantoms
  2 kobold brigands
  3 scorpions
  6 bullfrogs
  A gnoll sergeant (D:3)
  9 killer bees
  4 wights
  3 howler monkeys
  2 centaur zombies
  A lava snake (D:7)
  A bullfrog zombie (D:7)
  A hound (D:6)
  2 orc priests
  A centaur skeleton (D:7)
  An iguana (D:4)
  An orc wizard (D:8)
  A howler monkey zombie (D:9)
  3 gnolls (D:5)
  7 adders
  2 howler monkey skeletons
  2 shadow imps (D:7)
  3 white imps (D:7)
  An ufetubus (D:6)
  3 worms
  2 dart slugs (D:1)
  10 orcs
  7 bats
  8 endoplasms
  2 giant cockroaches (D:1)
  5 hobgoblins (D:1)
  6 quokkas
  3 ball pythons
  3 frilled lizards
  6 goblins
  19 kobolds
  4 rats
186 creatures vanquished.

Vanquished Creatures (others)
  2 fungi (Lair:1)
  11 plants
13 creatures vanquished.

Grand Total: 199 creatures vanquished

Notes
Turn   | Place    | Note
-------+----------+-------------------------------------------
     0 | D:1      | pkoi the Minotaur Fighter began the quest for the Orb.
     0 | D:1      | Reached XP level 1. HP: 19/19 MP: 0/0
    91 | D:1      | Found Konu Ihemp's Jewellery Shoppe.
   177 | D:1      | Reached skill level 4 in Shields
   177 | D:1      | Reached XP level 2. HP: 26/26 MP: 1/1
   236 | D:1      | Found a faded altar of an unknown god.
   843 | D:1      | Reached XP level 3. HP: 30/31 MP: 2/2
  1408 | D:2      | You fall into a shaft and drop 1 floor!
  1881 | D:2      | Reached skill level 5 in Shields
  1881 | D:2      | Reached XP level 4. HP: 34/39 MP: 3/3
  2375 | D:3      | Found a shimmering altar of Xom.
  2388 | D:3      | Noticed a gnoll sergeant
  2989 | D:4      | Noticed a scorpion
  2993 | D:4      | Killed a scorpion
  2994 | D:4      | Reached skill level 5 in Long Blades
  2994 | D:4      | Reached XP level 5. HP: 37/45 MP: 4/4
  3114 | D:4      | Noticed an ice beast
  3125 | D:4      | Killed an ice beast
  3126 | D:4      | Reached skill level 6 in Shields
  3126 | D:4      | Reached XP level 6. HP: 51/51 MP: 5/5
  3146 | D:4      | Found Notsi's Antique Armour Boutique.
  3900 | D:4      | Reached skill level 7 in Shields
  4325 | D:5      | Entered Level 5 of the Dungeon
  4347 | D:5      | Noticed a sky beast
  4472 | D:3      | Reached XP level 7. HP: 28/57 MP: 6/6
  4999 | D:5      | HP: 2/57 [poisoned by a water moccasin]
  5387 | D:5      | Reached skill level 8 in Shields
  5804 | D:5      | Reached XP level 8. HP: 51/64 MP: 7/7
  6270 | D:6      | Reached skill level 9 in Shields
  6312 | D:6      | Found a runed translucent door.
  6319 | D:6      | Identified the +0 ring mail of Hacvahi {Rampage Int+2}
  6807 | D:6      | Found a staircase to the Ecumenical Temple.
  6876 | Temple   | Entered the Ecumenical Temple
  6928 | Temple   | Became a worshipper of Warmaster Okawaru
  7044 | D:6      | Noticed jjjjhere's ghost (novice GnAr)
  7635 | D:7      | Reached skill level 1 in Throwing
  7641 | D:7      | Reached skill level 10 in Shields
  8055 | D:7      | Found a broken altar of Ashenzari.
  8176 | D:7      | Reached XP level 9. HP: 41/70 MP: 8/8
  8232 | D:7      | Reached skill level 10 in Long Blades
  8451 | D:8      | Noticed Pikel
  8582 | D:7      | Killed Pikel
  8582 | D:7      | Reached * piety under Okawaru
  9123 | D:8      | Reached skill level 11 in Shields
  9941 | D:8      | Reached ** piety under Okawaru
  9980 | D:8      | Reached skill level 5 in Throwing
 10181 | D:9      | Reached XP level 10. HP: 66/77 MP: 9/9
 10640 | D:9      | Found a bloodstained altar of Trog.
 10643 | D:9      | Found a hide-covered altar of Uskayaw.
 10647 | D:9      | Found a hazy altar of Hepliaklqana.
 11601 | D:9      | Noticed a deep elf pyromancer
 11607 | D:9      | Noticed a smoke demon
 11615 | D:10     | Entered Level 10 of the Dungeon
 11623 | D:10     | Reached *** piety under Okawaru
 11624 | D:10     | Reached skill level 1 in Invocations
 11993 | D:10     | Reached skill level 12 in Shields
 12366 | D:10     | Noticed Snorg
 12379 | D:10     | Killed Snorg
 12379 | D:10     | Received a gift from Okawaru
 12673 | D:10     | Found a staircase to the Lair.
 13301 | Lair:1   | Entered Level 1 of the Lair of Beasts
 13301 | Lair:1   | Noticed a cane toad
 13311 | Lair:1   | Killed a cane toad
 13810 | Lair:1   | Reached **** piety under Okawaru
 14006 | Lair:1   | Reached XP level 11. HP: 82/82 MP: 11/13
 14275 | Lair:1   | Received a gift from Okawaru
 15341 | Lair:2   | Reached skill level 13 in Shields
 15356 | Lair:2   | Mangled by a basilisk

Illustrated notes

Levels and vault maps discovered:
D:1:      nicolae_arrival_washed_ashore, layout_loops_cross, serial_shops,
          nicolae_shop_crystal, shapermc_ecumenical_altar_totnotflames
D:2:      layout_loops_corners, serial_forest, infiniplex_forest_lined_room_2,
          infiniplex_forest_fountain, infiniplex_forest_clump_diagonal,
          infiniplex_forest_end_2, infiniplex_forest_clump_tiny,
          minmay_misc_feat_four_crosses
D:3:      layout_loops_corners, xom_teletrap_fun, serial_glass, glass_columns_b,
          glass_columns_b, glass_columns_a, glass_columns_a, glass_columns_c,
          glass_columns_a, glass_columns_a, glass_columns_a, st_stairs_8
D:4:      layout_basic, serial_shops, shop
D:5:      layout_basic
D:6:      layout_rooms, minmay_temple_entry_poolview,
          ebering_ghost_reflecting_pool, fountainhead
D:7:      layout_cave_pools, ashenzari_altar_1, nrook_loot_triangle,
          kennysheep_generic_room_16
D:8:      layout_basic, gammafunk_temple_overflow_claw, serial_bayou,
          serial_bayou_pond_b, serial_bayou_ford_a, serial_bayou_pond_d,
          serial_bayou_lagoon_a, uniq_pikel
D:9:      layout_irregular_city, grunt_temple_overflow_diamond, david_orc_4,
          enter_bailey_3, hangedman_abyss_or_decor_passed, minmay_pinched_square
D:10:     layout_basic, david_lair_shrubbed, mrwooster_statue_mirror,
          lemuel_flamethrower_2, uniq_snorg
Temple:   eino_temple_water
Lair:1:   layout_long_grid
Lair:2:   layout_roguey, basic_altar, grunt_forest_small_clearing_treed,
          serial_bayou_shore_b

Skill      XL: |  1  2  3  4  5  6  7  8  9 10 11 |
---------------+----------------------------------+-----
Shields        | 4 5 6 7 8 10 11 12 13 | 13.0
Long Blades    | 3 4 5 6 8 9 11 12 | 12.8
Throwing       | 2 5 7 |  7.7
Invocations    | 4 |  4.9
Fighting       | |  3.6
Armour         | |  3.6

Action                   |  1- 3 |  4- 6 |  7- 9 | 10-12 || total
-------------------------+-------+-------+-------+-------++-------
Melee: Long sword        |    85 |   103 |   266 |   268 ||   722
       Headbutt          |    10 |    24 |    44 |    51 ||   129
Throw: Dart              |       |       |    11 |       ||    11
Invok: Heroism           |       |       |       |     4 ||     4
  Use: Potion            |       |     3 |     1 |     1 ||     5
       Scroll            |       |     9 |     5 |     3 ||    17
Armor: Scale mail        |    33 |    28 |    52 |     8 ||   121
       Chain mail        |       |       |       |    49 ||    49
Dodge: Dodged            |    29 |    30 |    80 |    77 ||   216
Block: Kite shield       |    52 |    49 |   180 |   188 ||   469
       Rpst.: Long sword |     7 |    10 |    26 |    17 ||    60
